 Dungeon Crawl Stone Soup version 0.19-a0-1384-gbb462ca (webtiles) character file.

1454 jacquesderrida the Caller (level 8, -3/39 HPs)
             Began as a Vine Stalker Summoner on Sept 3, 2016.
             Was a Follower of Ashenzari.
             Slain by an unseen horror (7 damage)
             ... on level 9 of the Dungeon.
             The game lasted 00:18:54 (2183 turns).

jacquesderrida the Caller (Vine Stalker Summoner)   Turns: 2183, Time: 00:18:55

Health: -3/39      AC:  3    Str: 12    XL:     8   Next: 76%
Magic:  0/24       EV: 11    Int: 17    God:    Ashenzari [*.....]
Gold:   14         SH:  0    Dex: 12    Spells: 4 memorised, 5 levels left

rFire  . . .     SeeInvis .     h - +8 mace "Conservator" {drain, rPois MR++ Dex-2} (curse)
rCold  . . .     Gourm    .     r - +0 leather armour
rNeg   . . .     Faith    .     (no shield)
rPois  +         Spirit   +     (no helmet)
rElec  .         Dismiss  .     (no cloak)
rCorr  .         Reflect  .     (no gloves)
MR     ++++.     Harm     .     (no boots)
Stlth  ++........               (no amulet)
                                t - ring of protection from magic
                                o - ring of magical power

@: very slightly contaminated
A: fangs 3, regeneration 1, magic shield, antimagic bite, no device heal 3, rot
immunity
a: Curse Item, Scrying, Renounce Religion


You were on level 9 of the Dungeon.
You worshipped Ashenzari.
Ashenzari was aware of your devotion.
You were not hungry.

You visited 1 branch of the dungeon, and saw 9 of its levels.

You collected 198 gold pieces.
You spent 184 gold pieces at shops.

Inventory:

Hand Weapons
 h - the cursed +8 mace "Conservator" (weapon) {drain, rPois MR++ Dex-2}
   (You found it on level 4 of the Dungeon)

   A truly terrible weapon, it drains the life of those it strikes.
   It affects your dexterity (-2).
   It protects you from poison.
   It affects your resistance to hostile enchantments.
   It has a curse placed upon it.
 A - a cursed +2 battleaxe of chopping
Armour
 a - a +0 robe
 r - a +0 leather armour (worn)
 D - the cursed +0 scale mail of the Poles {Int+4}
   (You found it on level 8 of the Dungeon)

   It affects your intelligence (+4).
   It has a curse placed upon it.
Rods
 l - a -3 lightning rod (10/10)
   (You found it on level 4 of the Dungeon)
Jewellery
 o - a ring of magical power (left hand)
 t - a ring of protection from magic (right hand)
 v - an uncursed ring of resist corrosion
Wands
 i - a wand of paralysis (4/24)
Scrolls
 g - 2 scrolls of remove curse
 n - a scroll of random uselessness {unknown}
 p - a scroll of torment {unknown}
 s - 2 scrolls of blinking {unknown}
 u - 2 scrolls of teleportation {unknown}
Potions
 e - a potion of resistance
 k - 2 potions of degeneration {unknown}
 m - a potion of might {unknown}
 q - a potion of curing {unknown}
 C - a potion of ambrosia {unknown}
Books
 b - a book of Callings

   Spells                             Type                      Level
   a - Summon Small Mammal            Summoning                    1
   b - Call Imp                       Summoning                    2
   c - Call Canine Familiar           Summoning                    3
   d - Summon Guardian Golem          Hexes/Summoning              3
   e - Summon Lightning Spire         Summoning/Air                4
   f - Summon Ice Beast               Ice/Summoning                4
 w - a book of the Earth

   Spells                             Type                      Level
   a - Leda's Liquefaction            Hexes/Earth                  4
   b - Bolt of Magma                  Conjuration/Fire/Earth       5
   c - Statue Form                    Transmutation/Earth          6
   d - Iron Shot                      Conjuration/Earth            6
   e - Shatter                        Earth                        9
Comestibles
 c - 5 bread rations
 d - a beef jerky
 f - 5 fruits
 j - 3 meat rations
 x - a chunk of flesh


   Skills:
 + Level 2.6 Fighting
 + Level 4.0 Maces & Flails
 - Level 1.5 Dodging
 - Level 2.4 Stealth
 - Level 4.2 Spellcasting
 + Level 7.9 Summonings
 - Level 4.0 Ice Magic


You had 5 spell levels left.
You knew the following spells:

 Your Spells              Type           Power        Failure   Level  Hunger
a - Summon Ice Beast      Ice/Summ       ###.....     17%         4    ####...
b - Call Imp              Summ           ####....     1%          2    ##.....
c - Call Canine Familiar  Summ           ####....     1%          3    ###....
d - Summon Small Mammal   Summ           ####         1%          1    None


Dungeon Overview and Level Annotations

Branches:
Dungeon (9/15)             Temple (0/1) D:6
   Lair: D:8-11         Orc: D:9-12

Altars:
Ashenzari
Dithmenos
Trog
Uskayaw
Yredelemnul
Zin
The Shining One

Shops:
D:8 *%=

Annotations:
D:6 Blork the orc


Innate Abilities, Weirdness & Mutations

You have razor-sharp teeth.
Your natural rate of healing is unusually fast.
When hurt, damage is shared between your health and your magic reserves.
Your bite disrupts and absorbs the magic of your enemies.
Potions and wands cannot restore your health.
You are immune to rotting.


Message History

The crimson imp hits you but does no damage.
As you read the scroll labeled HOGOPLI CIDO, it crumbles to dust.
You hear a loud clanging noise!
It was a scroll of noise.
You hear a bellow! x2; You hear a shout!
Something hits you! x2
* * * LOW HITPOINT WARNING * * *
The crimson imp hits you but does no damage.
Okay, then.
Okay, then.
As you read the scroll labeled BUGHAS AXADENK, it crumbles to dust.
The creatures around you are filled with an inner flame!
It was a scroll of immolation.
Something hits you.
* * * LOW HITPOINT WARNING * * *
The crimson imp hits you.
* * * LOW HITPOINT WARNING * * *
Unknown command.
Something hits you but does no damage. Something hits you!
You die...

### ######@### ####
#.....{..# # ...#
#......#o### ..
...########.....5....+ ...
...#............##o..# ....
...#.####............#.....
.......##...##.#.<...!.....
....##.#....'..#..#........
.......#....####.##.?...###


You could see an orc warrior (inner flame) and a crimson imp.

Vanquished Creatures
  A black bear (D:8)
  2 phantoms
  An eye of draining (D:8)
  A necrophage (D:5)
  An ogre (D:4)
  A centaur (D:8)
  A scorpion (D:6)
  A howler monkey (D:9)
  3 orc wizards (D:8)
  A giant frog skeleton (D:6)
  2 iguanas
  A hound skeleton (D:4)
  2 adders
  2 shadow imps (D:9)
  An ooze (D:7)
  An adder skeleton (D:5)
  9 orcs
  3 giant cockroaches
  A quokka (D:4)
  2 giant gecko skeletons
  A quokka skeleton (D:5)
  A rat (D:1)
39 creatures vanquished.

Vanquished Creatures (collateral kills)
  A two-headed ogre (D:8)
  A hippogriff (D:8)
  Menkaure (D:4)
  A water moccasin (D:8)
  A black bear (D:8)
  An ogre (D:5)
  2 howler monkeys
  A hound (D:4)
  A jelly (D:8)
  A centaur skeleton (D:4)
  An orc wizard (D:5)
  A worker ant (D:4)
  An adder (D:5)
  A dart slug (D:1)
  A giant gecko (D:8)
  5 orcs
  A hobgoblin (D:1)
  A kobold (D:1)
  A rat (D:1)
24 creatures vanquished.

Grand Total: 63 creatures vanquished

Notes
Turn   | Place    | Note
-------+----------+-------------------------------------------
     0 | D:1      | jacquesderrida the Vine Stalker Summoner began the quest for the Orb.
     0 | D:1      | Reached XP level 1. HP: 9/9 MP: 4/4
   297 | D:4      | Noticed an ogre
   401 | D:4      | Killed an ogre
   401 | D:4      | Reached skill level 5 in Summonings
   401 | D:4      | Reached XP level 2. HP: 13/13 MP: 6/6
   401 | D:4      | Reached XP level 3. HP: 16/16 MP: 7/7
   401 | D:4      | Gained mutation: Your natural rate of healing is unusually fast. [Vine Stalker growth]
   401 | D:4      | Reached XP level 4. HP: 21/21 MP: 8/8
   427 | D:4      | Learned a level 2 spell: Call Imp
   431 | D:4      | Learned a level 3 spell: Call Canine Familiar
   442 | D:4      | Found a hide-covered altar of Uskayaw.
   459 | D:4      | Noticed Menkaure
   479 | D:4      | Killed Menkaure
   479 | D:4      | Reached skill level 6 in Summonings
   479 | D:4      | Reached XP level 5. HP: 24/24 MP: 8/10
   494 | D:4      | Noticed a phantom
   633 | D:4      | Got a scorched mace
   634 | D:4      | Identified the +8 mace "Conservator" {drain, rPois MR++ Dex-2} (You found it on level 4 of the Dungeon)
   652 | D:4      | Killed a phantom
   652 | D:4      | Reached skill level 1 in Maces & Flails
   652 | D:4      | Reached XP level 6. HP: 24/28 MP: 5/12
   712 | D:5      | Entered Level 5 of the Dungeon
   722 | D:5      | Learned a level 4 spell: Summon Ice Beast
   744 | D:5      | Found a basalt altar of Yredelemnul.
   771 | D:5      | Found a shattered altar of Ashenzari.
   779 | D:5      | Became a worshipper of Ashenzari the Shackled
   812 | D:5      | Noticed a phantom
   833 | D:5      | Killed a phantom
   854 | D:5      | Noticed a necrophage
   896 | D:5      | Reached skill level 1 in Ice Magic
   896 | D:5      | Reached XP level 7. HP: 25/32 MP: 4/14
  1047 | D:6      | Found a staircase to the Ecumenical Temple.
  1090 | D:6      | Reached skill level 7 in Summonings
  1108 | D:6      | Found a glowing golden altar of the Shining One.
  1338 | D:6      | Noticed Blork the orc
  1378 | D:7      | Noticed a hippogriff
  1400 | D:8      | Killed a hippogriff
  1441 | D:8      | Found Ymoryol's Food Emporium.
  1485 | D:8      | Gained mutation: You have razor-sharp teeth. [Vine Stalker growth]
  1485 | D:8      | Reached XP level 8. HP: 24/37 MP: 5/15
  1538 | D:8      | Found Plog's Assorted Antiques.
  1542 | D:8      | Bought a ruby potion for 28 gold pieces
  1542 | D:8      | Bought a scroll of identify for 64 gold pieces
  1542 | D:8      | Bought a scroll labeled REPSIZAGATEE for 32 gold pieces
  1542 | D:8      | Bought a red potion for 28 gold pieces
  1574 | D:8      | Found a shadowy altar of Dithmenos.
  1578 | D:8      | Noticed a two-headed ogre
  1578 | D:8      | Reached skill level 1 in Fighting
  1597 | D:8      | Killed a two-headed ogre
  1616 | D:8      | Found a bloodstained altar of Trog.
  1747 | D:8      | Found a glowing silver altar of Zin.
  1823 | D:8      | Found Xuits's Jewellery Emporium.
  1872 | D:8      | Got the cursed scale mail of the Poles {Int+4}
  1876 | D:8      | Identified the +6 falchion of Courage {drain, rN+}
  1943 | D:8      | Reached * piety under Ashenzari
  2093 | D:8      | Bought a scroll labeled VEGOCIC SIRA for 32 gold pieces
  2183 | D:9      | Slain by an unseen horror

Vault maps used:
D:1:      saegor_arrival_simple_d
D:2:      minitemple
D:3:      nemelex_xobeh_ov_fountains_minmay, first_bread, lemuel_statue_altar,
          uniq_terence, uniq_crazy_yiuf_cottage, uniq_robin
D:4:      nicolae_overflow_crystal_walls, uniq_grinder, uniq_menkaure
D:5:      old_standard_altar, kennysheep_little_box, kennysheep_slug_shrine,
          marbit_many_paths
D:6:      tso_oasis_becter, serial_glass, glass_columns_a, glass_columns_a,
          glass_columns_a, glass_columns_a, minmay_strange_pillars,
          feat_on_display, uniq_blork_the_orc
D:8:      nicolae_dithmenos_shadow_blocks, trog_ov_bears_minmay,
          kennysheep_mini, serial_shops, shop, shop, shop, grunt_ogre_cave

Skill      XL: |  1  2  3  4  5  6  7  8 |
---------------+-------------------------+-----
Summonings     | 5 6 7 |  7.9
Spellcasting   | 3 4 |  4.2
Maces & Flails | 1 2 3 4 |  4.0
Ice Magic      | 1 2 4 |  4.0
Fighting       | 2 |  2.6
Dodging        | |  1.5
Stealth        | |  2.4

Action                   |  1- 3 |  4- 6 |  7- 9 || total
-------------------------+-------+-------+-------++-------
Melee: Unarmed           |    22 |    37 |       ||    59
       Bite              |     8 |     8 |    22 ||    38
       Mace              |       |    26 |    84 ||   110
 Cast: Summon Small Mamm |     7 |     1 |       ||     8
       Call Imp          |       |     8 |     5 ||    13
       Call Canine Famil |       |     7 |     7 ||    14
       Summon Ice Beast  |       |       |     8 ||     8
Invok: Curse Item        |       |     1 |       ||     1
Evoke: Wand              |     5 |     5 |       ||    10
  Use: Scroll            |     2 |       |     6 ||     8
 Stab: Paralysed         |     9 |       |       ||     9
       Distracted        |       |     1 |     1 ||     2
       Sleeping          |       |       |     1 ||     1
  Eat: Chunk             |       |       |     6 ||     6
       Royal jelly       |       |       |     1 ||     1
Armor: Robe              |       |     5 |       ||     5
       Leather armour    |       |       |    22 ||    22
Dodge: Dodged            |     9 |    43 |    71 ||   123
